AoeStats
← jeff224171

Arabia

509833304Analyzed
1v1 RM · 2d ago on Sep 28, 2026· 71m 11s· 2 players
Game mode
Random Map
Map size
Tiny (2 player)
Population
200
Speed
Normal
Resources
Standard
Victory
Conquest
Starting age
Dark Age
Ending age
Imperial Age
RankedLock teamsTeams togetherTeam positionsShared explorationLock speedFull tech treeHidden civsTurbo modeCheats
Victory
Defeat
🇹🇼 Malians · Taiwan
1327
+13
🇳🇴 Byzantines · Norway
1272
-13
jeff224171
6:05 Loom
9:44 Feudal Age
10:12 Double-Bit Axe
10:09 Horse Collar
20:00 Castle Age
18:12 Gold Mining
20:08 Wheelbarrow
20:17 Wheelbarrow
20:31 Scale Barding Armor
20:37 Forging
20:41 Bloodlines
23:07 Husbandry
24:28 Gold Shaft Mining
23:47 Stone Mining
24:09 Town Watch
26:15 Heavy Plow
31:01 Fervor
31:06 Bow Saw
33:36 Masonry
33:13 Pikeman
33:54 Squires
35:06 Treadmill Crane
39:00 Imperial Age
36:51 Hand Cart
37:27 Scale Mail Armor
38:09 Iron Casting
38:27 Chain Barding Armor
39:32 Chain Mail Armor
40:10 Conscription
40:06 Farimba
40:38 Conscription
39:52 Elite Gbeto
41:41 Chemistry
41:13 Architecture
41:30 Crop Rotation
41:42 Stone Shaft Mining
41:49 Plate Mail Armor
41:12 Fletching
41:51 Arson
42:33 Town Patrol
43:34 Plate Barding Armor
42:23 Heavy Camel Rider
44:08 Light Cavalry
45:31 Ballistics
45:03 Cavalier
56:06 Bodkin Arrow
56:12 Padded Archer Armor
56:14 Cavalier
57:12 Murder Holes
Krypto
10:03 Feudal Age
9:09 Loom
10:35 Double-Bit Axe
13:59 Wheelbarrow
16:42 Castle Age
16:09 Horse Collar
17:44 Bow Saw
21:09 Hand Cart
25:14 Scale Barding Armor
27:32 Forging
31:28 Gold Mining
31:35 Stone Mining
31:51 Heavy Plow
33:21 Stone Shaft Mining
37:56 Imperial Age
35:30 Husbandry
35:24 Fletching
36:38 Bodkin Arrow
36:43 Light Cavalry
36:47 Crossbowman
37:33 Thumb Ring
38:20 Padded Archer Armor
38:42 Chain Barding Armor
38:59 Iron Casting
38:03 Arbalester
38:47 Bracer
39:10 Conscription
38:57 Heavy Camel Rider
40:58 Hoardings
41:26 Plate Barding Armor
41:07 Leather Archer Armor
41:23 Ballistics
42:04 Chemistry
42:06 Hussar
44:59 Ring Archer Armor
51:20 Crop Rotation
64:02 Elite Skirmisher
Connection lost

Rejoining the realm…

Still unreachable

The connection could not be restored.

Session expired

The server has moved on; the page needs a fresh start.